 Dungeon Crawl Stone Soup version 0.31-a0-1620-gcbf77bbcfc (webtiles) character file.

Game seed: 17816655378241606842

11 Hubris850 the Changeling (level 2, -1/21 HPs)
             Began as a Merfolk Shapeshifter on Jan 11, 2024.
             Slain by a ribbon worm (6 damage)
             ... on level 2 of the Dungeon.
             The game lasted 00:01:32 (1133 turns).

Hubris850 the Changeling (Merfolk Shapeshifter)     Turns: 1133, Time: 00:01:32

Health: -1/21      AC:  2    Str: 14    XL:     2   Next: 25%
Magic:  2/2        EV: 12    Int:  9    God:
Gold:   91         SH:  0    Dex: 13    Spells: 1/1 levels left

rFire   . . .        f - +0 short sword (vamp)
rCold   . . .        (no shield)
rNeg    . . .        a - +0 animal skin
rPois   .            (helmet currently unavailable)
rElec   .            (cloak currently unavailable)
rCorr   .            (gloves currently unavailable)
SInv    .            (boots currently unavailable)
Will    .....        (no amulet)
Stlth   +            (no ring)
HPRegen 0.23/turn    (no ring)
MPRegen 0.08/turn

%: no passive effects
@: beast-form
A: beast (slay +2), (nimble swimmer 2), mertail
a: Begin Untransformation


You were on level 2 of the Dungeon.
You were a hulking beast.
You visited 1 branch of the dungeon, and saw 2 of its levels.

You collected 91 gold pieces.

Inventory:

Hand Weapons
 f - a +0 vampiric short sword (weapon)
Missiles
 l - 3 poisoned darts (quivered)
Armour
 a - a +0 animal skin (worn)
 n - a +0 pair of gloves
 o - a +0 ring mail
Talismans
 c - a beast talisman
 d - a flux talisman
Scrolls
 g - a scroll of noise {unknown}
 h - 2 scrolls of amnesia {unknown}
Potions
 b - a potion of lignification
 e - a potion of resistance {unknown}
 i - a potion of magic {unknown}
 j - a potion of invisibility {unknown}
 k - a potion of curing {unknown}
 m - 2 potions of ambrosia {unknown}
 p - a potion of might {unknown}


   Skills:
 + Level 1.5 Fighting
 + Level 3.0 Dodging
 + Level 3.4 Unarmed Combat
 + Level 4.2 Shapeshifting


You had one spell level left.
You didn't know any spells.
Your spell library contained the following spells:

 Spells                   Type           Power      Damage    Failure   Level
 Freeze                   Ice            0%         1d3       38%         1
 Kiss of Death            Conj/Necr      0%         2d5       38%         1
 Confusing Touch          Hex            0%         N/A       77%         3
 Frozen Ramparts          Ice            0%         1d1       77%         3
 Hailstorm                Conj/Ice       0%         3d5       77%         3
 Dispel Undead            Necr           0%         3d6       99%         4


Dungeon Overview and Level Annotations

Branches:
Dungeon (2/15)

Altars:


Innate Abilities, Weirdness & Mutations

You are a hulking beast.
Your limbs bulge with bestial killing power. (Slay +2)
((You are very nimble when in or above water. (Stealth+, EV+, Speed+++)))
Your lower body shifts to a powerful aquatic tail in water.


Message History

You hit the endoplasm but do no damage.
The endoplasm is almost dead.
The ribbon worm bites you.
The endoplasm hits you but does no damage.
You hit the endoplasm.
You kill the endoplasm!
The ribbon worm bites you.
You hit the ribbon worm.
The ribbon worm is lightly wounded.
The ribbon worm closely misses you.
You hit the ribbon worm.
You feel better.
The ribbon worm is lightly wounded.
The ribbon worm closely misses you. The rat bites you.
You hit the ribbon worm.
The ribbon worm is lightly wounded.
The rat barely misses you.
You hit the ribbon worm.
You feel better.
The ribbon worm is heavily wounded.
The ribbon worm bites you. The rat bites you.
* * * LOW HITPOINT WARNING * * *
You hit the ribbon worm.
The ribbon worm is severely wounded.
The ribbon worm expels a string of sticky webbing.
The stream of webbing hits you but does no damage.
You are caught in a web!
The rat bites you.
* * * LOW HITPOINT WARNING * * *
The ribbon worm closely misses you. The rat bites you.
* * * LOW HITPOINT WARNING * * *
You hit the ribbon worm.
The ribbon worm is severely wounded.
The ribbon worm expels a string of sticky webbing.
The stream of webbing hits you but does no damage.
You are caught in a web!
The rat bites you.
* * * LOW HITPOINT WARNING * * *
The rat bites you.
* * * LOW HITPOINT WARNING * * *
You hit the ribbon worm.
You feel better.
The ribbon worm is almost dead.
The ribbon worm bites you.
You die...

.....>.....#
..........#
#.........#
#.........#
#.........#
#......:..#
#..wr.....#
#..h......#
#...........#
###....=....#
##......?.#
#......#.#
###.#### # .#
[.


You could see a ribbon worm (catching breath) and a rat.

Vanquished Creatures
  A dart slug (D:1)
  A ball python (D:1)
  An endoplasm (D:2)
  3 kobolds
  A frilled lizard (D:1)
  2 rats (D:1)
9 creatures vanquished.

Notes
Turn   | Place    | Note
-------+----------+-------------------------------------------
     0 | D:1      | Hubris850 the Merfolk Shapeshifter began the quest for the
                  | Orb.
     0 | D:1      | Reached XP level 1. HP: 15/15 MP: 1/1
   398 | D:1      | Reached XP level 2. HP: 20/21 MP: 2/2
  1131 | D:2      | HP: 1/21 [rat (2)]
  1133 | D:2      | Slain by a ribbon worm

Illustrated notes

Levels and vault maps discovered:
D:1:      dpeg_arrival_tiny_f, layout_basic, serial_co_window_serial,
          co_window_corner_a, co_window_corner_a, co_window_corner_a,
          co_window_cross_1, co_window_corner_a, co_window_2corner,
          co_window_unsneaky_path_d, co_window_broadway_c, co_window_corner_ca,
          co_window_4corner_a, co_window_4corner_b
D:2:      wander_river, layout_rooms

Skill      XL: |  1 |
---------------+----+-----
Dodging        | 3 |  3.0
Fighting       | |  1.5
Unarmed Combat | |  3.4
Shapeshifting  | |  4.2

Action                     || total
---------------------------++-------
  Melee: Short sword       ||    32
         Unarmed           ||     3
 Armour: Animal skin       ||    21
  Dodge: Dodged            ||    14

Table legend: (Time is in decaauts)
 A = Elapsed time spent in this place.
 B = Non-inter-level travel time spent in this place.
 C = Inter-level travel time spent in this place.
 D = Time resting spent in this place.
 E = Time spent auto-exploring this place.
 F = Levels seen in this place.
 G = Mean time per level.
                   A        B        C        D        E       F      G
               +--------+--------+--------+--------+--------+-----+--------+
         Total |   1132 |   1071 |     61 |      0 |    948 |   2 |  566.0 |
       Dungeon |   1132 |   1071 |     61 |      0 |    948 |   2 |  566.0 |
               +--------+--------+--------+--------+--------+-----+--------+

Top non-repeatable levels by time:
     D:1: 1110 daAuts
     D:2: 21 daAuts
